 Dungeon Crawl Stone Soup version 0.29.1-1-gd02db6906a (webtiles) character file.

Game seed: 17857464441951846790

213402 holycorn the Slayer (level 18, -2/198 HPs)
             Began as a Minotaur Berserker on Sept 22, 2022.
             Was a High Priest of Trog.
             Killed by a malign offering
             ... invoked by a deep elf high priest
              (17 damage)
             ... on level 3 of the Elven Halls on Sept 23, 2022.
             The game lasted 02:33:31 (44894 turns).

holycorn the Slayer (Minotaur Berserker)           Turns: 44894, Time: 02:33:33

Health: -2/198     AC: 25    Str: 33    XL:     18   Next: 27%
Magic:  17/17      EV: 12    Int:  4    God:    Trog [*****.]
Gold:   1451       SH:  5    Dex:  9    Spells: 17/17 levels left

rFire   + . .      SeeInvis .   P - +3 executioner's axe (vorpal)
rCold   . . .      Faith    .   (shield currently unavailable)
rNeg    . . .      Spirit   .   v - +2 plate armour {rF+}
rPois   +          Reflect  +   Y - +2 hat
rElec   .          Harm     .   k - +1 cloak {Will+}
rCorr   .          Rampage  .   E - +0 pair of gloves
Will    ++...                   T - +1 pair of boots
Stlth   ..........              p - amulet of reflection
HPRegen 0.43/turn               u - ring "Wesoal Wuss" {rPois AC+4}
MPRegen 0.15/turn               w - ring "Piahuf" {Fly Str+4 Slay+3}

@: corroded, on berserk cooldown, flying, hasted and slowed, studying Dodging
A: horns 2, retaliatory headbutt, clumsy 1
}: 1/15 runes: gossamer
a: Renounce Religion, Berserk, Trog's Hand, Brothers in Arms


You were on level 3 of the Elven Halls.
You worshipped Trog.
Trog was extremely pleased with you.
You visited 6 branches of the dungeon, and saw 29 of its levels.
You also visited: Ossuary and Gauntlet.

You collected 3219 gold pieces.
You spent 1768 gold pieces at shops.

Inventory:

Hand Weapons
 P - a +3 vorpal executioner's axe (weapon)
Missiles
 f - 2 javelins (quivered)
Armour
 k - a +1 cloak of willpower (worn)
 v - a +2 plate armour of fire resistance (worn)
 x - +2 pearl dragon scales
 E - a +0 pair of gloves (worn)
 T - a +1 pair of boots (worn)
 Y - a +2 hat (worn)
Jewellery
 i - a +4 ring of protection
 n - a ring of protection from cold
 p - an amulet of reflection (around neck)
 q - a ring of see invisible
 r - a ring of positive energy
 u - the ring "Wesoal Wuss" (left hand) {rPois AC+4}
   (You found it on level 12 of the Dungeon)

   [ring of protection]

   AC:        It affects your AC (+4).
   rPois:     It protects you from poison.
 w - the ring "Piahuf" (right hand) {Fly Str+4 Slay+3}
   (You bought it in a shop on level 3 of the Elven Halls)

   [ring of flight]

   Str:       It affects your strength (+4).
   Slay:      It affects your accuracy & damage with ranged weapons and melee
   (+3).
   Fly:       It grants you flight.
 z - a +6 ring of strength
 B - a ring of resist corrosion
 G - a ring of poison resistance
 H - a ring of ice
 J - a +4 ring of evasion
 Q - a +6 ring of dexterity
 R - a ring of flight
 S - a +4 ring of evasion
 W - a ring of positive energy
Wands
 a - a wand of roots (23)
 C - a wand of mindburst (21)
 D - a wand of digging (16)
 I - a wand of quicksilver (15)
 L - a wand of flame (40)
 V - a wand of paralysis (4)
Scrolls
 c - 5 scrolls of teleportation
 e - 7 scrolls of fear
 s - 3 scrolls of fog
 t - 5 scrolls of magic mapping
 O - 3 scrolls of brand weapon
 X - a scroll of identify
Potions
 d - 2 potions of invisibility
 g - 5 potions of might
 j - a potion of resistance
 l - a potion of ambrosia
 m - 7 potions of curing
 F - 2 potions of haste
 M - 6 potions of cancellation
Miscellaneous
 b - a tin of tremorstones (2/2)
 K - a box of beasts
 U - a phial of floods
 Z - a lightning rod (4/4)


   Skills:
 + Level 26.4 Fighting
 - Level 24.0 Axes
 - Level 4.8 Throwing
 + Level 11.0 Armour
 - Level 15.0 Dodging
 * Level 2.6 Shields
 - Level 0.3 Evocations


You had 17 spell levels left.
You didn't know any spells.
Your spell library was empty.

Dungeon Overview and Level Annotations

Branches:
Dungeon (14/15)            Temple (0/1) D:7            Lair (5/5) D:11
  Swamp (1/4) Lair:3       Spider (4/4) Lair:3        Slime (0/5) Lair:4
    Orc (2/2) D:12            Elf (3/3) Orc:2        Vaults (0/5) D:14
Ossuary (visited)         Gauntlet (visited)

Altars:
Elyvilon
Gozag
Hepliaklqana
Kikubaaqudgha
Makhleb
Okawaru
Ru
Uskayaw
Vehumet
Zin
The Shining One
Jiyva

Shops:
D:4 :   Orc:2 (?=?   Elf:3 =[![=

Annotations:
Swamp:1 Kirke


Innate Abilities, Weirdness & Mutations

You have a pair of horns on your head.
You reflexively headbutt those who attack you in melee.
You are clumsy. (Dex -2)


Message History

You closely miss the deep elf high priest.
You barely miss the fire elemental.
You are covered in liquid flames!
* * * LOW HITPOINT WARNING * * *
You are no longer berserk.
You are exhausted.
You feel yourself slow down.
The deep elf high priest hits you with a +0 great sword of electrocution.
* * * LOW HITPOINT WARNING * * *
Okay, then.
Okay, then.
As you read the scroll of fear, it crumbles to dust.
You assume a fearsome visage.
The fire elemental is unaffected.
The deep elf high priest resists with almost no effort.
The deep elf pyromancer looks frightened!
You are covered in liquid flames!
* * * LOW HITPOINT WARNING * * *
You are no longer on fire.
The fire elemental barely misses you. You furiously retaliate!
You headbutt the fire elemental.
The deep elf pyromancer casts a spell.
The deep elf pyromancer blinks!
The deep elf high priest hits you with a +0 great sword of electrocution.
* * * LOW HITPOINT WARNING * * *
The fire elemental closely misses you.
As you read the scroll of fog, it crumbles to dust.
The scroll dissolves into smoke.
The deep elf pyromancer gestures wildly while chanting.
The deep elf pyromancer blinks!
The fire elemental hits you. The fire elemental burns you! You resist.
* * * LOW HITPOINT WARNING * * *
The deep elf high priest is no longer giving off an aura.
The deep elf high priest barely misses you.
You closely miss the deep elf high priest.
You barely miss the fire elemental. You block the fire elemental's attack.
The deep elf pyromancer mumbles some strange words.
The deep elf pyromancer blinks!
The deep elf high priest utters a dark prayer and points at you.
Your life force is offered up.
You die...

*******##******
####,,,,,...,,,,,***
###...,,##....,,,,,,,,
##.....##......,,,,,,,,
#....##§....#####,,,*,,
##..§.#§§)####§§(#,,***,
#.§...§@###...e(§#,,,*,*
#..##.§Ee§.....§E#,,,,,*
**,##|..§°§.....ee#*,,,,*
#.,#..#)°.......§§§#,,,,*
#.##..#)...####....#,,,,*
#.#..##...## ##...##,,,,
#.#..#....# #e.°°#,,,,
#....#....# #..e°#*,,,
#...##....#* *#..°e°#**,


You could see a deep elf high priest and a fire elemental (summoned).

Vanquished Creatures
  A deep elf blademaster (Elf:2)
  A deep elf master archer (Elf:3)
  An emperor scorpion (Spider:4)
  An orc warlord (Orc:1)
  4 deep elf sorcerers (Elf:3)
  4 deep elf elementalists (Elf:3)
  2 ghost moths (Spider:4)
  2 broodmothers
  6 entropy weavers
  A minotaur (Gauntlet)
  3 deep elf demonologists (Elf:3)
  2 deep elf annihilators
  A bunyip (Lair:3)
  A spark wasp (Spider:4)
  3 deep elf death magi (Elf:3)
  5 deep elf high priests (Elf:3)
  2 jorogumos
  Erolcha (Orc:2)
  3 boulder beetles
  5 hydras
  4 ogre magi (Orc:2)
  Erica (Lair:2)
  A radroach (Spider:3)
  2 catoblepae
  2 two-headed ogres
  A death knight (D:13)
  36 dancing weapons
  An alligator (shapeshifter) (D:14)
  Nergalle (Lair:1)
  2 orc high priests (Elf:1)
  26 deep elf knights
  A spriggan (Swamp:1)
  A fire crab (Gauntlet)
  Amaemon (D:8)
  2 sun moths (Spider:2)
  6 pharaoh ants
  2 goliath frogs (Lair:5)
  3 skeletal warriors (D:14)
  12 orb spiders
  13 deep elf archers
  3 steelbarb worms
  A bog body (Lair:3)
  7 orc sorcerers
  26 deep elf pyromancers
  30 deep elf zephyrmancers
  14 wolf spiders
  8 ugly things
  3 manticores
  Maurice (D:10)
  4 cyclopes
  6 moths of wrath
  2 black mambas
  9 elephants
  20 cane toads
  A molten gargoyle (Gauntlet)
  A torpor snail (Spider:2)
  An orange demon (D:8)
  2 gargoyles
  An unseen horror (D:13)
  8 komodo dragons
  5 demonic crawlers
  2 rime drakes
  A queen bee (shapeshifter) (D:14)
  6 meliai
  A polar bear (shapeshifter) (D:13)
  2 trolls
  4 hornets
  3 polar bears
  A tarantella (shapeshifter) (D:14)
  4 tyrant leeches
  15 blink frogs
  A wolf spider simulacrum (D:14)
  27 tarantellas
  7 dream sheep (Lair:4)
  19 slime creatures
  5 flying skulls (Gauntlet)
  15 culicivoras
  25 jumping spiders
  2 shadows
  2 water elementals
  4 air elementals
  77 yaks
  4 fire elementals
  A basilisk (Lair:2)
  4 fire bats (Gauntlet)
  3 wyverns
  Grum (D:8)
  44 redbacks
  A steam dragon (D:8)
  13 vampire mosquitoes
  2 wargs (Orc:1)
  A swamp worm (Lair:3)
  3 acid dragons
  12 water moccasins
  14 orc warriors
  A sky beast (D:7)
  An ice beast (D:6)
  3 black bears
  7 ogres
  19 wolves
  3 centaurs
  A phantom (D:5)
  14 bullfrogs
  A necrophage (D:7)
  7 scorpions
  2 gnoll sergeants
  4 earth elementals
  8 wights
  2 electric eels
  2 hounds (D:5)
  12 orc priests
  2 jellies
  An iguana (D:4)
  24 orc wizards
  Ijyb (D:4)
  4 mummies (Ossuary)
  15 gnolls
  5 adders
  A shadow imp (D:8)
  2 ufetubi
  2 worms
  2 dart slugs
  55 orcs
  A bat (D:1)
  7 endoplasms
  3 giant cockroaches
  3 gnoll zombies (Ossuary)
  5 goblins
  2 jackals (D:2)
  2 quokkas
  7 ball pythons
  2 frilled lizards
  3 goblin zombies (Ossuary)
  A hobgoblin zombie (Ossuary)
  5 kobolds
  3 kobold zombies (Ossuary)
  An orc zombie (Ossuary)
  4 rats
  A rat zombie (Ossuary)
  A spectral orc (D:9)
898 creatures vanquished.

Vanquished Creatures (collateral kills)
  An emperor scorpion (Spider:4)
  A spark wasp (Spider:4)
  A two-headed ogre (Orc:1)
  3 dancing weapons
  2 deep elf knights (Elf:2)
  A deep elf zephyrmancer (Elf:2)
  A deep elf pyromancer (Elf:2)
  3 hornets (Spider:4)
  A tarantella (Spider:4)
  2 orc priests (Orc:1)
  2 orc wizards (Orc:1)
  An orc (Orc:1)
19 creatures vanquished.

Vanquished Creatures (others)
  A deep elf knight (Elf:1)
  A deep elf pyromancer (Elf:3)
  An orc wizard (Orc:2)
  24 fungi
  86 plants
113 creatures vanquished.

Grand Total: 1030 creatures vanquished

Notes
Turn   | Place    | Note
-------+----------+-------------------------------------------
     0 | D:1      | holycorn the Minotaur Berserker began the quest for the
                  | Orb.
     0 | D:1      | Reached XP level 1. HP: 19/19 MP: 0/0
    98 | D:1      | Found a faded altar of an unknown god.
   297 | D:1      | Reached XP level 2. HP: 14/27 MP: 1/1
   481 | D:1      | Reached skill level 4 in Fighting
  1105 | D:2      | Reached XP level 3. HP: 24/34 MP: 2/2
  1248 | D:2      | Reached ** piety under Trog
  1731 | D:2      | Identified the +1 robe of the Comet {MP+9 SInv}
  1985 | D:3      | Noticed a wight
  1986 | D:3      | Noticed a wight
  1989 | D:3      | Noticed a wight
  1993 | D:3      | Killed a wight
  1994 | D:3      | Reached skill level 5 in Fighting
  1994 | D:3      | Reached skill level 5 in Axes
  1994 | D:3      | Reached XP level 4. HP: 42/42 MP: 3/3
  1998 | D:3      | Reached XP level 5. HP: 48/48 MP: 4/4
  2669 | D:3      | Found a burning altar of Makhleb.
  2796 | D:4      | Reached skill level 6 in Fighting
  2796 | D:4      | Reached XP level 6. HP: 57/57 MP: 5/5
  2884 | D:4      | Found Qiefew's Book Emporium.
  2946 | D:4      | You fall into a shaft and drop 3 floors!
  2950 | D:7      | Identified the +0 ring mail "Leuxek" {rF+ Will- Dex+7
                  | Stlth+}
  3037 | D:7      | Noticed an orc warrior
  3050 | D:7      | Killed an orc warrior
  3051 | D:7      | Reached skill level 7 in Fighting
  3051 | D:7      | Reached XP level 7. HP: 31/66 MP: 6/6
  3247 | D:7      | Identified the +10 mace of Etsohea {vorpal, rC+ Int+7}
  3366 | D:7      | Reached XP level 8. HP: 23/74 MP: 7/7
  3580 | D:7      | Found a staircase to the Ecumenical Temple.
  3662 | D:6      | Reached skill level 8 in Fighting
  4057 | D:6      | Reached skill level 10 in Axes
  4110 | D:6      | Found a sand-covered staircase.
  4117 | Ossuary  | Entered an ossuary
  4125 | Ossuary  | Reached *** piety under Trog
  4383 | Ossuary  | Identified a scroll of acquirement
  4383 | Ossuary  | Acquired a manual of Dodging
  5469 | D:8      | Noticed Grum
  5478 | D:8      | Noticed Amaemon
  5718 | D:8      | Reached skill level 9 in Fighting
  5872 | D:8      | Reached XP level 9. HP: 83/83 MP: 8/8
  5881 | D:8      | Killed Grum
  6195 | D:8      | Killed Amaemon
  6204 | D:8      | Noticed an orange demon
  6217 | D:8      | Killed an orange demon
  6218 | D:8      | Reached skill level 10 in Fighting
  6750 | D:8      | Found a hide-covered altar of Uskayaw.
  7509 | D:9      | Found an iron altar of Okawaru.
  7598 | D:9      | Found a glowing silver altar of Zin.
  7854 | D:9      | Reached XP level 10. HP: 86/94 MP: 9/9
  7874 | D:9      | Reached skill level 11 in Fighting
  7970 | D:9      | Found a hazy altar of Hepliaklqana.
  8154 | D:9      | Reached **** piety under Trog
  8436 | D:10     | Entered Level 10 of the Dungeon
  8455 | D:10     | Found a white marble altar of Elyvilon.
  8459 | D:10     | Noticed a green ugly thing
  8625 | D:5      | Entered Level 5 of the Dungeon
  8635 | D:5      | Identified the +6 trident of Urgency {antimagic, rF+ Int+4}
  8898 | D:5      | Reached skill level 15 in Axes
  9021 | D:5      | Found a glowing golden altar of the Shining One.
  9447 | D:4      | Noticed Ijyb
  9451 | D:4      | Killed Ijyb
 10155 | D:10     | Noticed a two-headed ogre
 10166 | D:10     | Killed a two-headed ogre
 10511 | D:10     | Noticed a manticore
 10519 | D:10     | Killed a manticore
 10520 | D:10     | Reached skill level 12 in Fighting
 10720 | D:10     | Noticed a gargoyle
 10726 | D:10     | Killed a gargoyle
 10786 | D:10     | Killed a green ugly thing
 11008 | D:10     | Reached XP level 11. HP: 45/104 MP: 10/10
 11387 | D:10     | Noticed Maurice
 11395 | D:10     | Killed Maurice
 11753 | D:11     | Reached skill level 13 in Fighting
 11976 | D:11     | Found a sacrificial altar of Ru.
 12077 | D:11     | Noticed a two-headed ogre
 12085 | D:11     | Killed a two-headed ogre
 12309 | D:11     | Found a staircase to the Lair.
 12317 | D:11     | Reached skill level 14 in Fighting
 12457 | D:11     | Noticed a green ugly thing
 12465 | D:11     | Killed a green ugly thing
 12531 | D:11     | Reached skill level 15 in Fighting
 13044 | Lair:1   | Entered Level 1 of the Lair of Beasts
 13196 | Lair:1   | Reached skill level 16 in Fighting
 13252 | Lair:1   | Reached XP level 12. HP: 103/122 MP: 11/11
 13789 | Lair:1   | Noticed Nergalle
 13806 | Lair:1   | Killed Nergalle
 13807 | Lair:1   | Reached skill level 5 in Dodging
 14605 | Lair:1   | Reached skill level 17 in Fighting
 15295 | Lair:2   | Noticed Erica
 15307 | Lair:2   | Killed Erica
 15446 | Lair:2   | Reached ***** piety under Trog
 15653 | Lair:2   | Noticed a six-headed hydra
 15660 | Lair:2   | Killed a two-headed hydra
 15661 | Lair:2   | Reached skill level 18 in Fighting
 16455 | Lair:3   | Received a gift from Trog
 16652 | Lair:3   | Noticed a catoblepas
 16942 | Lair:3   | Found a staircase to the Swamp.
 17637 | Lair:3   | Killed a catoblepas
 17638 | Lair:3   | Reached XP level 13. HP: 133/136 MP: 12/12
 17873 | Lair:3   | Found a hole to the Spider Nest.
 18349 | Lair:4   | Found a staircase to the Slime Pits.
 18349 | Lair:4   | Found a viscous altar of Jiyva.
 18424 | Lair:4   | Reached skill level 10 in Dodging
 19370 | Lair:5   | Entered Level 5 of the Lair of Beasts
 20473 | Lair:5   | Reached skill level 5 in Armour
 20507 | Lair:5   | Reached XP level 14. HP: 76/144 MP: 13/13
 22040 | Swamp:1  | Entered Level 1 of the Swamp
 22393 | Swamp:1  | Noticed Kirke
 22791 | Spider:1 | Entered Level 1 of the Spider Nest
 23102 | Spider:2 | Noticed a broodmother
 23112 | Spider:2 | Killed a broodmother
 23713 | Spider:2 | HP: 2/144 [poisoned by a redback]
 23988 | Spider:2 | Reached skill level 10 in Armour
 24567 | Spider:1 | Identified the +5 lajatang "Kiuruicw" {vorpal, Will+}
 24600 | Spider:1 | Paralysed by a jorogumo for 3 turns
 25262 | Spider:2 | Reached skill level 19 in Fighting
 25954 | Spider:2 | Received a gift from Trog
 26241 | Spider:2 | Reached XP level 15. HP: 148/152 MP: 14/14
 28793 | Spider:4 | Entered Level 4 of the Spider Nest
 29211 | Spider:4 | Received a gift from Trog
 29533 | Spider:4 | Reached skill level 20 in Fighting
 30262 | Spider:4 | Noticed an emperor scorpion
 30282 | Spider:4 | Killed an emperor scorpion
 30922 | Spider:4 | Got a gossamer rune of Zot
 31026 | Spider:4 | Noticed an emperor scorpion
 31031 | Spider:4 | Killed an emperor scorpion
 32310 | D:12     | Found an opulent altar of Gozag.
 32362 | D:12     | Identified the ring "Wesoal Wuss" {rPois AC+4}
 32419 | D:12     | Found a staircase to the Orcish Mines.
 32460 | Orc:1    | Entered Level 1 of the Orcish Mines
 32460 | Orc:1    | Noticed an orc warlord
 32468 | Orc:1    | Reached XP level 16. HP: 165/165 MP: 15/15
 32474 | Orc:1    | Received a gift from Trog
 32816 | Orc:2    | Entered Level 2 of the Orcish Mines
 32846 | Orc:2    | Found a staircase to the Elven Halls.
 33121 | Orc:2    | Found Giazuh's Magic Scroll Shoppe.
 33184 | Orc:2    | Found Vuoth's Antique Weapon Emporium.
 33226 | Orc:2    | Found an ancient bone altar of Kikubaaqudgha.
 33246 | Orc:2    | Noticed Erolcha
 33252 | Orc:2    | Killed Erolcha
 33260 | Orc:2    | Found Qokuesmu's Magic Scroll Emporium.
 33264 | Orc:2    | Reached skill level 21 in Fighting
 33271 | Orc:2    | Reached ****** piety under Trog
 33288 | Orc:2    | Found Zolo's Jewellery Shoppe.
 33296 | Orc:2    | Bought a ring of positive energy for 240 gold pieces
 33323 | Orc:2    | Found a radiant altar of Vehumet.
 33716 | Elf:1    | Entered Level 1 of the Elven Halls
 33753 | Elf:1    | Identified the +10 lajatang of Trog's Felicitations
                  | {vorpal, rF- rC+ rN+ Str+3} (Trog gifted it to you on level
                  | 1 of the Elven Halls)
 33753 | Elf:1    | Received a gift from Trog
 33930 | Elf:1    | Paralysed by an air elemental for 1 turns
 34916 | Elf:1    | Paralysed by an air elemental for 1 turns
 34921 | Elf:1    | Paralysed by an air elemental for 1 turns
 35246 | Elf:1    | Reached skill level 22 in Fighting
 35714 | Elf:1    | Found a radiant altar of Vehumet.
 35779 | Elf:1    | Received a gift from Trog
 36012 | Elf:1    | You fall into a shaft and drop 1 floor!
 36019 | Elf:2    | Found a runed translucent gate.
 36019 | Elf:2    | Found a runed translucent gate.
 36020 | Elf:2    | Found a runed translucent gate.
 36039 | Elf:2    | Noticed a deep elf blademaster
 36692 | Elf:1    | Reached skill level 23 in Fighting
 37164 | Elf:1    | Reached XP level 17. HP: 155/180 MP: 16/16
 37256 | Elf:2    | Received a gift from Trog
 38053 | Elf:2    | Reached skill level 15 in Dodging
 39007 | D:13     | Reached skill level 24 in Fighting
 39056 | D:13     | Reached skill level 1 in Throwing
 39066 | D:13     | Found a gate leading to a gauntlet.
 39075 | Gauntlet | Entered a Gauntlet
 39075 | Gauntlet | Found a runed translucent gate.
 39075 | Gauntlet | Found a transporter.
 39075 | Gauntlet | Found a runed translucent gate.
 39075 | Gauntlet | Found a runed translucent gate.
 39082 | Gauntlet | Found a transporter.
 39084 | Gauntlet | Found a transporter.
 39167 | Gauntlet | Found a transporter.
 39240 | Gauntlet | Found a transporter.
 39240 | Gauntlet | Found a transporter.
 39244 | Gauntlet | Received a gift from Trog
 39248 | Gauntlet | Found a transporter.
 39292 | Gauntlet | Found a transporter.
 40137 | D:14     | Found a gate to the Vaults.
 41218 | Elf:2    | Reached skill level 25 in Fighting
 41221 | Elf:2    | Killed a deep elf blademaster
 41826 | Elf:2    | Received a gift from Trog
 42535 | Elf:3    | Entered Level 3 of the Elven Halls
 42949 | Elf:3    | Found Hempov's Jewellery Shoppe.
 42952 | Elf:3    | Bought the ring "Piahuf" {Fly Str+4 Slay+3} for 728 gold
                  | pieces
 42952 | Elf:3    | Bought an amulet of reflection for 480 gold pieces
 43101 | Elf:3    | Noticed a Brimstone Fiend
 43102 | Elf:3    | Gained mutation: You are clumsy. (Dex -2) [a neqoxec]
 43110 | Elf:3    | Noticed a deep elf master archer
 43461 | Elf:3    | Found Lempia's Antique Armour Shoppe.
 43483 | Elf:3    | Found Ygeg's Distillery.
 43500 | Elf:3    | Found Attak's Armour Shop.
 43528 | Elf:3    | Bought a potion of haste for 160 gold pieces
 43528 | Elf:3    | Bought a potion of haste for 160 gold pieces
 43569 | Elf:3    | Found Usoof's Jewellery Shop.
 43632 | Elf:3    | Reached XP level 18. HP: 170/190 MP: 17/17
 44148 | Elf:3    | Reached skill level 26 in Fighting
 44227 | Elf:3    | Reached skill level 1 in Shields
 44296 | Elf:3    | Identified the +6 battleaxe of Success {vorpal, rCorr Str-3
                  | Dex+4 Stlth+}
 44704 | Elf:3    | Received a gift from Trog
 44863 | Elf:3    | Identified the +0 hand axe of Irritation {antimagic, Str+2
                  | Dex+3}
 44894 | Elf:3    | Killed from afar by a deep elf high priest

Illustrated notes

Levels and vault maps discovered:
D:1:      enne_arrival_octagon_isle, layout_loops_ring,
          nicolae_ecumenical_snake_handling
D:2:      layout_loops_ring, serial_forest, infiniplex_forest_clump_double,
          infiniplex_forest_clump_tiny, infiniplex_forest_straight_5,
          infiniplex_forest_clump_tiny, infiniplex_forest_clump_small,
          infiniplex_forest_zigzag_2
D:3:      layout_basic, lemuel_coloured_pillars_altar, serial_park_tiny_1,
          minmay_misc_feat_enclosed
D:4:      layout_cave_pools, serial_shops, shop_statue, uniq_ijyb
D:5:      layout_basic, tso_metal_star
D:6:      layout_layer_cave, enter_ossuary_3
D:7:      layout_rooms, minmay_temple_entry_butterflies, enter_bailey_7
D:8:      layout_basic, marbit_many_paths, minmay_misc_feat_rugged, uniq_grum,
          uniq_amaemon
D:9:      layout_rooms, mainiacjoe_overflow_alcove_2,
          nicolae_hepliaklqana_monster_ancestors,
          nicolae_overflow_hidden_temple, david_defended_altar_orc
D:10:     layout_loops_cross, mainiacjoe_overflow_small_starburst, uniq_maurice
D:11:     layout_roguey, david_lair_generic, minmay_misc_feat_x,
          nicolae_ru_sacrificial_ziggurat
D:12:     layout_cave_pods, minmay_orc_entry_temple_small,
          grunt_gozag_breadcrumbs
D:13:     layout_cave_pools, gauntlet_entry_generic
D:14:     layout_basic, david_vaults_2, serial_curves, eino_curves_03,
          eino_curves_02, serial_bayou_shore_b
Lair:1:   layout_layer_cave, nicolae_quartered_pool_super, serial_bayou_shore_b,
          infiniplex_staircase_pool, lemuel_fruit_fields, uniq_nergalle
Lair:2:   layout_gridlike, hibernation_bobbens, uniq_erica
Lair:3:   layout_regular_city, minmay_swamp_entry_worms,
          nicolae_spider_entry_tight_spaces
Lair:4:   layout_cellular_growth, slime_entry_1
Lair:5:   minmay_lair_end_frog_pond, layout_cave_pods
Swamp:1:  nicolae_swamp_ascending_descending, layout_basic_swamp,
          gammafunk_ghost_hydra_chop, evilmike_swamp_ruin_house_4, uniq_aizul,
          uniq_donald, uniq_kirke, uniq_louise
Spider:1: layout_spider_delve
Spider:2: layout_spider_delve, drop_trap
Spider:3: layout_spider_delve, nicolae_spider_circle_web,
          nicolae_spider_checkerboard
Spider:4: spider_rune_water
Orc:1:    layout_caves, basic_altar, nicolae_orc_tapped_out
Orc:2:    kennysheep_orc_mage_school, layout_diamond_mine, basic_altar,
          uniq_erolcha
Elf:1:    minmay_elf_crystal_square, layout_loops_cross, basic_altar,
          evilmike_minifort, nicolae_twisting_strands
Elf:2:    nicolae_elf_blades_crystal_corner, layout_onion_city, lemuel_elevator,
          lemuel_upstairs_altar
Elf:3:    minmay_elf_hall_curves, layout_geoelf_castle, serial_shops, shop,
          nicolae_shop_statue_plus, nicolae_shop_waterfront, shop,
          nicolae_shop_behind_doors

Skill      XL: |  1  2  3  4  5  6  7  8  9 10 11 12 13 14 15 16 17 18 |
---------------+-------------------------------------------------------+-----
Axes           | 4 5 6 7 9 11 14 16 17 20 21 24 | 24.0
Fighting       | 4 5 6 7 9 10 12 16 18 19 20 23 25 26 | 26.4
Dodging        | 3 9 11 14 15 | 15.0
Armour         | 5 10 11 | 11.0
Throwing       | 4 |  4.8
Shields        | 2 |  2.6
Evocations     | |  0.3

Action                   |  1- 3 |  4- 6 |  7- 9 | 10-12 | 13-15 | 16-18 || total
-------------------------+-------+-------+-------+-------+-------+-------++-------
Melee: Hand axe          |    61 |    46 |       |     4 |       |       ||   111
       Headbutt          |     4 |    11 |    38 |   105 |   126 |   127 ||   411
       War axe           |       |    20 |   195 |   434 |       |       ||   649
       Punch             |       |     1 |     2 |     5 |       |       ||     8
       Executioner's axe |       |       |       |    51 |   648 |   698 ||  1397
Invok: Berserk           |     1 |     2 |     1 |     5 |     9 |     3 ||    21
       Trog's Hand       |       |       |       |       |     1 |     1 ||     2
       Brothers in Arms  |       |       |       |       |     4 |     6 ||    10
Evoke: Wand              |       |       |       |     8 |     1 |       ||     9
       Box of beasts     |       |       |       |       |       |     1 ||     1
  Use: Scroll            |       |       |    13 |    14 |    10 |    17 ||    54
       Potion            |       |       |     2 |     2 |    21 |     4 ||    29
 Stab: Sleeping          |     1 |       |       |       |       |       ||     1
       Distracted        |       |       |       |       |     1 |     2 ||     3
Armor: Ring mail         |    15 |       |       |       |       |       ||    15
       Animal skin       |     2 |       |       |       |       |       ||     2
       Scale mail        |     2 |     4 |       |       |       |       ||     6
       Plate armour      |       |    30 |   137 |   177 |   322 |   297 ||   963
Dodge: Dodged            |    27 |    19 |    73 |   186 |   531 |   293 ||  1129
Block: Other             |       |       |       |       |       |    22 ||    22
       Reflection        |       |       |       |       |       |     8 ||     8
